AoeStats
← Irving Legend

Arabia

507607571Analyzed
1v1 RM · 14d ago on Sep 19, 2026· 68m 18s· 2 players
Game mode
Random Map
Map size
Tiny (2 player)
Population
200
Speed
Normal
Resources
Standard
Victory
Conquest
Starting age
Dark Age
Ending age
Imperial Age
RankedLock teamsTeams togetherTeam positionsShared explorationLock speedFull tech treeHidden civsTurbo modeCheats
Victory
Defeat
🇨🇦 Khitans · Canada
1160
+18
🇺🇸 Wei · United States
1207
-18
Irving Legend
6:02 Loom
9:22 Feudal Age
9:27 Man-at-Arms
10:30 Double-Bit Axe
17:52 Wheelbarrow
18:06 Domestication
23:07 Castle Age
21:47 Forging
21:43 Scale Barding Armor
21:43 Gold Mining
24:03 Elite Skirmisher
25:58 Fletching
26:49 Chain Barding Armor
27:00 Bow Saw
31:25 Ballistics
32:25 Husbandry
32:35 Town Watch
36:52 Stone Mining
41:48 Imperial Age
39:57 Bodkin Arrow
41:24 Padded Archer Armor
42:52 Conscription
41:58 Heavy Camel Rider
42:56 Bracer
43:12 Leather Archer Armor
45:13 Plate Barding Armor
47:02 Ordo Cavalry
54:02 Leather Archer Armor
54:38 Iron Casting
54:45 Light Cavalry
58:48 Siege Engineers
58:54 Masonry
59:56 Hussar
67:06 Ring Archer Armor
Antonio Banderas
7:24 Loom
10:09 Feudal Age
10:40 Double-Bit Axe
10:37 Horse Collar
21:51 Castle Age
20:22 Gold Mining
20:54 Fletching
22:30 Bodkin Arrow
22:47 Bow Saw
24:39 Husbandry
27:16 Padded Archer Armor
34:41 Ballistics
37:53 Imperial Age
36:40 Wheelbarrow
36:07 Stone Mining
38:38 Bracer
39:40 Chemistry
42:35 Leather Archer Armor
47:11 Bloodlines
47:35 Ming Guang Armor
49:23 Scale Barding Armor
52:12 Chain Barding Armor
52:45 Masonry
57:29 Forging
57:20 Light Cavalry
59:57 Pikeman
60:47 Town Watch
61:21 Squires
61:23 Scale Mail Armor
62:56 Hand Cart
64:56 Pikeman
Connection lost

Rejoining the realm…

Still unreachable

The connection could not be restored.

Session expired

The server has moved on; the page needs a fresh start.